[Event "ICC Open 2015"]
[Site "Internet Chess Club"]
[Date "2015.05.29"]
[Round "2"]
[White "LittlePeasant"]
[Black "Sjelan"]
[Result "1-0"]
[ICCResult "Black checkmated"]
[WhiteElo "2803"]
[BlackElo "2216"]
[Opening "QGD Slav: 3.Nf3"]
[ECO "D11"]
[NIC "QP.11"]
[Time "19:12:13"]
[TimeControl "180+0"]

1. Nf3 c6 2. c4 d5 3. d4 Nf6 4. Qb3 dxc4 5. Qxc4 e6 6. g3 Nbd7 7. Bg2 Be7 8.
O-O O-O 9. Rd1 Qc7 10. Nc3 e5 11. Bg5 h6 12. Bxf6 Bxf6 13. Nd5 Qd8 14. Nxf6+
Qxf6 15. Rac1 exd4 16. Qxd4 Qxd4 17. Nxd4 Nb6 18. b4 Be6 19. Nxe6 fxe6 20.
b5 cxb5 21. Bxb7 Rad8 22. Ba6 b4 23. Bd3 Rc8 24. Ba6 Rxc1 25. Rxc1 Rd8 26.
Rc2 Kf7 27. Rb2 Rd5 28. Rxb4 Ra5 29. Rf4+ Ke7 30. Bd3 Rxa2 31. Rg4 g5 32. h4
Kf6 33. f4 gxh4 34. Rxh4 Kg7 35. Kf2 Nd5 36. Rg4+ Kf7 37. Rh4 Kg7 38. Kf3
Nf6 39. Rh1 a5 40. Rb1 Nd5 41. Rb7+ Kf6 42. e4 Ra3 43. e5# {Black
checkmated} 1-0

[Event "ICC Open 2015"]
[Site "Internet Chess Club"]
[Date "2015.05.29"]
[Round "2"]
[White "RRK"]
[Black "Darnoc"]
[Result "0-1"]
[ICCResult "White resigns"]
[WhiteElo "2331"]
[BlackElo "3039"]
[Opening "QGD Slav: Soultanbéieff variation"]
[ECO "D16"]
[NIC "SL.03"]
[Time "19:14:18"]
[TimeControl "180+0"]

1. d4 d5 2. c4 c6 3. Nf3 Nf6 4. Nc3 dxc4 5. a4 e6 6. e3 c5 7. Bxc4 Nc6 8.
O-O cxd4 9. exd4 Be7 10. Qe2 O-O 11. Rd1 Nb4 12. Bg5 b6 13. d5 exd5 14. Nxd5
Nfxd5 {White resigns} 0-1

[Event "ICC Open 2015"]
[Site "Internet Chess Club"]
[Date "2015.05.29"]
[Round "2"]
[White "Spirals"]
[Black "Prof-chess"]
[Result "0-1"]
[ICCResult "White checkmated"]
[WhiteElo "2136"]
[BlackElo "2799"]
[Opening "Caro-Kann: two knights, 3...Bg4"]
[ECO "B10"]
[NIC "CK.01"]
[Time "19:12:26"]
[TimeControl "180+0"]

1. e4 c6 2. Nf3 d5 3. Nc3 Bg4 4. exd5 cxd5 5. d4 Nc6 6. Bb5 e6 7. Bxc6+ bxc6
8. h3 Bxf3 9. Qxf3 Nf6 10. O-O Be7 11. Bg5 O-O 12. Rfe1 Rb8 13. b3 Rb4 14.
Rad1 Re8 15. Bxf6 Bxf6 16. Ne2 a5 17. c3 Rb7 18. Nf4 Be7 19. Nd3 Bd6 20. g3
Rbe7 21. Ne5 Qc7 22. Re2 f6 23. Nd3 e5 24. dxe5 fxe5 25. Qg4 e4 26. Ne1 Re6
27. Ng2 Rg6 28. Qh5 Re5 29. Qh4 Rf5 30. c4 Be7 31. Qf4 Rxf4 32. Nxf4 Qxf4
33. cxd5 Qf3 34. Rde1 Bc5 35. dxc6 Rxg3+ 36. Kh2 Qg2# {White checkmated} 0-1

[Event "ICC Open 2015"]
[Site "Internet Chess Club"]
[Date "2015.05.29"]
[Round "2"]
[White "achessman"]
[Black "orak"]
[Result "1-0"]
[ICCResult "Black checkmated"]
[WhiteElo "1918"]
[BlackElo "1581"]
[Opening "Alekhine's defense: four pawns attack, 7.Be3"]
[ECO "B02"]
[NIC "AL.07"]
[Time "19:12:57"]
[TimeControl "180+0"]

1. e4 Nf6 2. e5 Nd5 3. c4 Nb6 4. d4 d6 5. f4 dxe5 6. fxe5 Nc6 7. Be3 Bf5 8.
Be2 e6 9. Nf3 Be7 10. O-O O-O 11. h3 f6 12. Nc3 fxe5 13. dxe5 Bg6 14. Qb3
Qe8 15. c5 Nd5 16. Nxd5 exd5 17. Qxd5+ Bf7 18. Qe4 Rd8 19. Rad1 Kh8 20. Rxd8
Nxd8 21. Rd1 Nc6 22. a3 Bg6 23. Qd5 Rf5 24. Bd3 Bf7 25. Qe4 Bg6 26. Qg4 Rf8
27. Bxg6 hxg6 28. b4 a6 29. Rd7 Rf5 30. Rxc7 Nxe5 31. Nxe5 Rxe5 32. Bd4 Rf5
33. Qg3 Bf6 34. Bxf6 gxf6 35. Qh4+ Kg8 36. Qh7+ Kf8 37. Qh8# {Black
checkmated} 1-0

[Event "ICC Open 2015"]
[Site "Internet Chess Club"]
[Date "2015.05.29"]
[Round "2"]
[White "chessassassin"]
[Black "Jesus"]
[Result "0-1"]
[ICCResult "White checkmated"]
[WhiteElo "1542"]
[BlackElo "1795"]
[Opening "Benkö gambit: 7.e4"]
[ECO "A59"]
[NIC "OI.09"]
[Time "19:12:41"]
[TimeControl "180+0"]

1. d4 c5 2. d5 d6 3. c4 b5 4. cxb5 a6 5. bxa6 Bxa6 6. Nc3 Nf6 7. e4 g6 8.
Bxa6 Nxa6 9. Nf3 Nd7 10. O-O Bg7 11. a4 O-O 12. Nd2 Qb6 13. Nc4 Qb4 14. Qe2
Rfb8 15. Nb5 Ne5 16. Nxe5 Bxe5 17. Ra2 c4 18. Kh1 Nc5 19. f4 Bg7 20. Nc3 Nd3
21. e5 dxe5 22. f5 Nxc1 23. Rxc1 gxf5 24. Rf1 f4 25. Qe4 Qb3 26. h4 Kh8 27.
h5 Bf6 28. h6 Rg8 29. Rf3 Rg6 30. d6 exd6 31. Qxa8+ Rg8 32. Qe4 d5 33. Qxd5
Qc2 34. Qxf7 Qxg2# {White checkmated} 0-1

[Event "ICC Open 2015"]
[Site "Internet Chess Club"]
[Date "2015.05.29"]
[Round "2"]
[White "capatal1"]
[Black "ErnestoRondon"]
[Result "0-1"]
[ICCResult "White resigns"]
[WhiteElo "1484"]
[BlackElo "1854"]
[Opening "Old Benoni defense"]
[ECO "A43"]
[NIC "OI.09"]
[Time "19:12:21"]
[TimeControl "180+0"]

1. d4 c5 2. Nf3 cxd4 3. Nxd4 Nc6 4. Nxc6 bxc6 5. Nc3 d5 6. e3 e5 7. Be2 e4
8. Bd2 f5 9. h3 Nf6 10. O-O Bd6 11. f4 exf3 12. Bxf3 O-O 13. Ne2 Ne4 14. Nd4
Bd7 15. Bxe4 fxe4 16. Rxf8+ Qxf8 17. Qe2 Qe7 18. Rf1 Qe5 19. g4 h5 20. Nf5
hxg4 21. hxg4 Bxf5 22. Rxf5 Qg3+ 23. Qg2 Qxg2+ 24. Kxg2 a5 25. Bc3 a4 26. a3
Re8 27. Rg5 Re7 28. Rg6 Rd7 29. Kf2 Kh7 30. Re6 Kg8 31. Ke2 Kf7 32. Rxd6
Rxd6 33. Bb4 Rg6 34. c4 Rxg4 35. cxd5 cxd5 36. Bc3 Ke6 37. Bd4 g5 38. Kf2
Rh4 39. Kg3 Kf5 40. Bc5 Rh1 41. Kg2 Rd1 42. Bd4 Rxd4 43. exd4 Kf4 44. Kf2 g4
{White resigns}
0-1

[Event "ICC Open 2015"]
[Site "Internet Chess Club"]
[Date "2015.05.29"]
[Round "2"]
[White "Piranha"]
[Black "jewels2"]
[Result "1-0"]
[ICCResult "Black resigns"]
[WhiteElo "1790"]
[BlackElo "1326"]
[Opening "Vienna gambit"]
[ECO "C29"]
[NIC "VG.03"]
[Time "19:13:02"]
[TimeControl "180+0"]

1. e4 e5 2. Nc3 Nf6 3. f4 d5 4. fxe5 Nxe4 5. Nf3 Nc6 6. Bb5 Bc5 7. d4 Nxc3
8. bxc3 Bb6 9. O-O Bg4 10. Qe1 Qe7 11. a4 O-O-O 12. Kh1 h6 13. Bxc6 bxc6 14.
a5 Bxa5 15. Rxa5 Rhe8 16. Ba3 Qe6 17. Rxa7 Qg6 18. Bc5 Bxf3 19. Rxf3 f6 20.
Qb1 fxe5 21. Qb7+ Kd7 22. Qxc7+ Ke6 23. Qxc6+ {Black resigns} 1-0

[Event "ICC Open 2015"]
[Site "Internet Chess Club"]
[Date "2015.05.29"]
[Round "2"]
[White "Bleeksk"]
[Black "smyslovVchess"]
[Result "0-1"]
[ICCResult "White resigns"]
[WhiteElo "1908"]
[BlackElo "1636"]
[Opening "English opening"]
[ECO "A17"]
[NIC "EO.64"]
[Time "19:12:43"]
[TimeControl "180+0"]

1. c4 Nf6 2. Nc3 e6 3. g3 Bb4 4. Bg2 O-O 5. Nf3 Nc6 6. O-O d6 7. d4 Bxc3 8.
bxc3 d5 9. cxd5 exd5 10. Ne5 Bd7 11. Bg5 Be6 12. Nxc6 bxc6 13. e4 dxe4 14.
Bxe4 Bd5 15. Bc2 h6 16. Bxf6 Qxf6 17. Qd3 g6 18. f4 Rab8 19. f5 Qg5 20. fxg6
f5 21. Rae1 Rb2 22. Rxf5 Rxf5 23. Qxf5 Qxf5 24. Bxf5 Kg7 25. Rb1 Rxa2 26.
Rb7 a5 27. Rxc7+ Kg8 28. h4 a4 29. h5 a3 30. Rc8+ Kg7 31. Re8 Rg2+ 32. Kf1
a2 33. Ra8 Rxg3 34. Ra7+ Kg8 35. Bd3 Rxd3 36. Ke2 Rxc3 {White resigns} 0-1

[Event "ICC Open 2015"]
[Site "Internet Chess Club"]
[Date "2015.05.29"]
[Round "2"]
[White "Stone-Castle"]
[Black "iamGodskid"]
[Result "0-1"]
[ICCResult "White checkmated"]
[WhiteElo "1817"]
[BlackElo "1447"]
[Opening "King's Indian: 5.Nf3"]
[ECO "E90"]
[NIC "KI.22"]
[Time "19:13:03"]
[TimeControl "180+0"]

1. e4 d6 2. d4 g6 3. c4 Bg7 4. Nc3 Nf6 5. Nf3 Nc6 6. Be2 Bg4 7. Be3 Bxf3 8.
Bxf3 O-O 9. Be2 e5 10. d5 Nd4 11. O-O c5 12. dxc6 bxc6 13. Bxd4 exd4 14.
Qxd4 Ng4 15. Qd2 Ne5 16. f4 Qb6+ 17. Kh1 Nd7 18. Bf3 Rad8 19. Rad1 Nc5 20.
e5 dxe5 21. Qf2 Qa5 22. Bxc6 Rxd1 23. Rxd1 Qb6 24. Nd5 Qa6 25. Qxc5 exf4 26.
Nxf4 Qxa2 27. b4 Qc2 28. Qd5 Qb3 29. b5 Bh6 30. Nd3 Qxd1+ 31. Ne1 Qxe1#
{White checkmated}
0-1

[Event "ICC Open 2015"]
[Site "Internet Chess Club"]
[Date "2015.05.29"]
[Round "2"]
[White "isodung"]
[Black "Chaos23"]
[Result "1-0"]
[ICCResult "Black resigns"]
[WhiteElo "2624"]
[BlackElo "2063"]
[Opening "QP counter-gambit (elephant gambit)"]
[ECO "C40"]
[NIC "KP.10"]
[Time "19:12:19"]
[TimeControl "180+0"]

1. e4 e5 2. Nf3 d5 3. Nxe5 Bd6 4. d4 dxe4 5. Nc3 Nf6 6. Bc4 O-O 7. O-O Nc6
8. Nxc6 bxc6 9. Bg5 Re8 10. Re1 Bf5 11. d5 Qe7 12. dxc6 Qe5 13. g3 Bg4 14.
Bxf6 Qh5 15. Be2 Bxe2 16. Rxe2 gxf6 17. Rxe4 Qf5 18. Qg4+ Qxg4 19. Rxg4+ Kh8
20. Re4 Be5 21. Rae1 Re6 22. f4 Bxc3 23. Rxe6 fxe6 24. bxc3 Kg7 25. Rxe6 Kf7
26. Re4 a5 27. Rd4 Re8 28. Rd7+ Re7 29. Kf2 Rxd7 30. cxd7 Ke7 31. Ke3 Kxd7
32. g4 Kd6 33. Kd4 c5+ 34. Kc4 Kc6 35. a4 Kd6 36. h3 Kc6 37. f5 h6 38. h4
Kd6 39. Kb5 Ke5 40. Kxa5 Kf4 41. Kb5 Kxg4 42. a5 Kxh4 43. a6 Kg5 44. a7 Kxf5
45. a8=Q Kg5 46. Kxc5 f5 47. Qg2+ Kf4 48. Kd4 h5 49. Qf2+ Kg4 50. Ke5 h4 51.
Qf4+ Kh3 52. Kxf5 Kg2 53. Qxh4 {Black resigns} 1-0

[Event "ICC Open 2015"]
[Site "Internet Chess Club"]
[Date "2015.05.29"]
[Round "2"]
[White "hamballe"]
[Black "santiagoelawad"]
[Result "0-1"]
[ICCResult "White resigns"]
[WhiteElo "1454"]
[BlackElo "2031"]
[Opening "Queen's pawn game"]
[ECO "D11"]
[NIC "QP.07"]
[Time "19:12:26"]
[TimeControl "180+0"]

1. d4 Nf6 2. c4 c6 3. Nf3 d5 4. Qc2 g6 5. Bf4 Bg7 6. e3 O-O 7. h3 c5 8. dxc5
Qa5+ 9. Nc3 Ne4 10. Rc1 Bf5 11. Bd3 Nxc3 12. bxc3 Bxd3 13. Qxd3 dxc4 14.
Qxc4 Na6 15. O-O Qxc5 16. Qxc5 Nxc5 17. Rfd1 Rfd8 18. Be5 Nd3 19. Bxg7 Nxc1
20. Rxd8+ Rxd8 21. Bd4 Ne2+ 22. Kh2 Nxd4 23. cxd4 f6 24. Kg3 Kf7 25. Kf4 Ke6
26. Ke4 Kd6 27. d5 Rc8 28. Nd4 Rc5 29. g4 a6 30. f4 Rxd5 31. Kd3 b5 32. e4
Rxd4+ 33. Kxd4 e5+ 34. fxe5+ fxe5+ 35. Kc3 Kc5 36. a3 g5 37. Kd3 a5 38. Kc3
b4+ 39. axb4+ axb4+ 40. Kb3 Kd4 41. Kxb4 Kxe4 42. Kc4 Kf3 43. Kd3 Kg3 44.
Ke4 Kxh3 45. Kxe5 Kxg4 46. Ke4 Kg3 47. Ke3 g4 {White resigns} 0-1

[Event "ICC Open 2015"]
[Site "Internet Chess Club"]
[Date "2015.05.29"]
[Round "2"]
[White "VerdeNotte"]
[Black "QuintilianoR"]
[Result "1-0"]
[ICCResult "Black resigns"]
[WhiteElo "2933"]
[BlackElo "2295"]
[Opening "Benko's opening"]
[ECO "A00"]
[NIC "VO.09"]
[Time "19:12:26"]
[TimeControl "180+0"]

1. g3 c5 2. Bg2 Nc6 3. c4 g6 4. Nf3 Bg7 5. O-O d6 6. Nc3 e5 7. a3 a5 8. Ne1
Be6 9. d3 Nge7 10. Nc2 d5 11. cxd5 Nxd5 12. Nxd5 Bxd5 13. Bxd5 Qxd5 14. e4
Qd7 15. Ne3 O-O 16. Nd5 Qd6 17. Bg5 h6 18. Be3 Kh7 19. Rc1 Nd4 20. Bxd4 exd4
21. Qb3 f5 22. Qb6 Qxb6 23. Nxb6 Rad8 24. Rxc5 fxe4 25. dxe4 d3 26. Rxa5 d2
27. Rd5 Rxd5 28. Nxd5 Bxb2 29. Rd1 Bc1 30. f4 Ra8 31. Kf2 Rxa3 32. Ke2 Kg7
33. Nb6 Rb3 34. Nc4 Rb4 35. Kd3 Rb3+ 36. Kc2 Rb4 37. Kc3 Ra4 38. e5 Ra2 39.
Nxd2 Bxd2+ 40. Rxd2 Ra3+ 41. Kb4 Ra7 42. Rd7+ Kg8 43. e6 Ra6 44. Rd8+ Kg7
45. e7 {Black resigns} 1-0

[Event "ICC Open 2015"]
[Site "Internet Chess Club"]
[Date "2015.05.29"]
[Round "2"]
[White "BehindBluEyes"]
[Black "Talion"]
[Result "0-1"]
[ICCResult "White resigns"]
[WhiteElo "2242"]
[BlackElo "2891"]
[Opening "Robatsch (modern) defense"]
[ECO "B06"]
[NIC "KF.05"]
[Time "19:12:46"]
[TimeControl "180+0"]

1. e4 g6 2. d4 Bg7 3. Be3 b6 4. c3 Bb7 5. f3 d6 6. Bd3 e6 7. Ne2 Nd7 8. O-O
Ne7 9. Qd2 h6 10. Na3 a6 11. Rae1 b5 12. Nb1 c5 13. h3 Qc7 14. a3 e5 15. d5
c4 16. Bc2 Nc5 17. Ng3 Bc8 18. f4 f6 19. f5 g5 20. Nh5 Rg8 21. Qf2 Bd7 22.
Nd2 Nc8 23. Kh1 Nb6 24. Nf3 O-O-O 25. Ra1 Nba4 26. Bxa4 Nxa4 27. Rfb1 Kb7
28. Qd2 Ka8 29. b3 cxb3 30. Rxb3 Rc8 31. Rc1 Be8 32. Ng3 Bf8 33. Ne1 Nb6 34.
Bxb6 Qxb6 35. Nd3 Rg7 36. Nb4 Rgc7 37. Ne2 Rc4 38. a4 bxa4 39. Rbb1 Bb5 40.
Nc6 Qc5 41. Rb2 Rxe4 42. Ng3 Rc4 43. Na5 Rxc3 44. Rxc3 Qxc3 45. Qf2 Qc5 46.
Qd2 Be7 47. Kh2 Bd8 48. Ne4 Qd4 49. Qxd4 exd4 50. Nc6 Bxc6 51. dxc6 Rxc6 52.
Rd2 d5 53. Ng3 Bc7 54. Rxd4 Rc3 55. Rg4 h5 {White resigns} 0-1

[Event "ICC Open 2015"]
[Site "Internet Chess Club"]
[Date "2015.05.29"]
[Round "2"]
[White "Ashtanga"]
[Black "JCarllsen"]
[Result "0-1"]
[ICCResult "White resigns"]
[WhiteElo "1513"]
[BlackElo "1815"]
[Opening "King's Indian: Kramer system"]
[ECO "E70"]
[NIC "KI.52"]
[Time "19:13:13"]
[TimeControl "180+0"]

1. d4 Nf6 2. c4 g6 3. Nc3 Bg7 4. e4 d6 5. Nge2 O-O 6. f3 e5 7. dxe5 dxe5 8.
Qxd8 Rxd8 9. Nd5 Na6 10. Nec3 c6 11. Ne7+ Kf8 12. Nxc8 Raxc8 13. Be3 b6 14.
Be2 Ke8 15. Kf2 Bf8 16. Bg5 Be7 17. Be3 Bc5 18. Rhd1 Nh5 19. g3 Ng7 20. a3
Ne6 21. b4 Bxe3+ 22. Kxe3 Nd4 23. Bd3 Rc7 24. Ne2 Rcd7 25. Nxd4 Rxd4 26. Be2
c5 27. b5 Nc7 28. f4 f6 29. a4 Ne6 30. Bg4 Ke7 31. Bxe6 Rxd1 32. Rxd1 Rxd1
33. Bg8 h6 34. Bh7 g5 35. fxg5 fxg5 36. Kf3 Kf6 37. h4 Ra1 38. hxg5+ Kxg5
39. Bg8 Rxa4 40. Bd5 Ra3+ 41. Kg2 h5 42. Kh2 h4 43. gxh4+ Kxh4 44. Kg2 Kg4
45. Kf2 Kf4 46. Ke2 Re3+ 47. Kd2 Rxe4 48. Kd3 Rd4+ 49. Kc3 e4 50. Kc2 e3
{White resigns}
0-1

[Event "ICC Open 2015"]
[Site "Internet Chess Club"]
[Date "2015.05.29"]
[Round "2"]
[White "MichaelBluth"]
[Black "chigamaster"]
[Result "1-0"]
[ICCResult "Black resigns"]
[WhiteElo "2287"]
[BlackElo "2887"]
[Opening "Réti opening"]
[ECO "A04"]
[NIC "QP.11"]
[Time "19:12:27"]
[TimeControl "180+0"]

1. Nf3 g6 2. d4 Bg7 3. Nc3 d5 4. Bf4 c6 5. e3 Bg4 6. Be2 Nd7 7. Ne5 Bxe2 8.
Qxe2 Nxe5 9. Bxe5 Bxe5 10. dxe5 Qc7 11. f4 O-O-O 12. O-O-O f6 13. exf6 exf6
14. g3 f5 15. g4 Ne7 16. gxf5 Nxf5 17. Qg4 Rhe8 18. Rhe1 Kb8 19. e4 dxe4 20.
Rxd8+ Qxd8 21. Rxe4 Rxe4 22. Nxe4 Qd4 23. Nd2 Qe3 24. c3 Qd3 25. Qf3 Qd6 26.
Ne4 Qe7 27. Ng3 Qe1+ 28. Kc2 Ne3+ 29. Kb3 Nd5 30. f5 gxf5 31. Nxf5 a5 32. a3
Qd2 33. Ng3 Nb6 34. Ne2 a4+ 35. Ka2 Qd8 36. Nd4 Qg8+ 37. Kb1 Ka8 38. Qg3 Qf7
39. Qf3 Qg6+ 40. Qf5 Qg1+ 41. Ka2 Nc4 42. Qf8+ Ka7 43. Qc5+ Nb6 44. Nxc6+
bxc6 45. Qxg1 {Black resigns} 1-0

[Event "ICC Open 2015"]
[Site "Internet Chess Club"]
[Date "2015.05.29"]
[Round "2"]
[White "SCORPION83"]
[Black "Silvo"]
[Result "1-0"]
[ICCResult "Black resigns"]
[WhiteElo "3154"]
[BlackElo "2385"]
[Opening "King's Indian defense, 3.Nc3"]
[ECO "E61"]
[NIC "KI.80"]
[Time "19:12:19"]
[TimeControl "180+0"]

1. d4 Nf6 2. c4 g6 3. Nc3 Bg7 4. Nf3 O-O 5. Bg5 c5 6. d5 d6 7. e3 b5 8. cxb5
a6 9. a4 Qa5 10. Nd2 axb5 11. Bxb5 Ba6 12. O-O h6 13. Bxf6 Bxf6 14. Qc2 Bxb5
15. Nxb5 Na6 16. Nc4 Qd8 17. e4 Rb8 18. f4 Nb4 19. Qd2 Qd7 20. Rad1 Rxb5 21.
axb5 Qxb5 22. b3 Bd4+ 23. Kh1 Ra8 24. f5 Ra2 25. Qxh6 Bg7 26. Qf4 g5 27.
Qxg5 Nc2 28. Rd3 Ra1 29. Rxa1 Nxa1 30. Rg3 Kf8 31. Qxg7+ Ke8 32. Qg8+ Kd7
33. Qxf7 Qb4 34. Qe6+ Kc7 35. Qxe7+ {Black resigns} 1-0

[Event "ICC Open 2015"]
[Site "Internet Chess Club"]
[Date "2015.05.29"]
[Round "2"]
[White "Schack"]
[Black "youngjp"]
[Result "0-1"]
[ICCResult "White resigns"]
[WhiteElo "1635"]
[BlackElo "1955"]
[Opening "Dutch, 2.Bg5 variation"]
[ECO "A80"]
[NIC "HD.12"]
[Time "19:13:15"]
[TimeControl "180+0"]

1. d4 f5 2. Bg5 Nf6 3. Nc3 e6 4. e3 d5 5. Nf3 Bb4 6. Bd3 O-O 7. O-O h6 8.
Bxf6 Qxf6 9. Ne5 Nd7 10. f4 Nxe5 11. fxe5 Qg5 12. Qf3 c5 13. Nb5 c4 14. Be2
Bd2 15. Rae1 Bxe1 16. Rxe1 Bd7 17. Nd6 f4 18. e4 dxe4 19. Nxe4 Qg6 20. Bxc4
Rac8 21. Bb3 Kh8 22. Nd6 Rc7 23. c3 Bc6 24. d5 exd5 25. Bxd5 Bxd5 26. Qxd5
f3 {White resigns} 0-1

[Event "ICC Open 2015"]
[Site "Internet Chess Club"]
[Date "2015.05.29"]
[Round "2"]
[White "Chisel"]
[Black "Abbas-Child"]
[Result "1-0"]
[ICCResult "Black forfeits on time"]
[WhiteElo "1737"]
[BlackElo "1284"]
[Opening "Sicilian: closed, 2...Nc6"]
[ECO "B23"]
[NIC "SI.44"]
[Time "19:12:39"]
[TimeControl "180+0"]

1. e4 c5 2. Nc3 Nc6 3. Nf3 d6 4. Bc4 e6 5. d3 Nf6 6. O-O Be7 7. Re1 O-O 8.
h3 h6 9. a4 e5 10. Be3 Nd4 11. Nd5 Nxd5 12. Bxd5 Rb8 13. c3 Nxf3+ 14. Qxf3
b6 15. a5 Bb7 16. Bxb7 Rxb7 17. a6 Rb8 18. Qg3 Kh8 19. f4 exf4 20. Bxf4 g5
21. Be3 Kh7 22. Rf1 d5 23. e5 f6 24. d4 cxd4 25. cxd4 fxe5 26. Qxe5 Bf6 27.
Qf5+ Kg7 28. Rae1 Be7 29. Qe6 Rf6 30. Rxf6 Bxf6 31. Rf1 Qf8 32. Qxd5 Rd8 33.
Qe4 Qd6 34. Rd1 Kf7 35. Qh7+ Ke6 36. Qxh6 Rh8 37. Qg6 Qf8 38. Qe4+ Kf7 39.
d5 {Black forfeits on time} 1-0

[Event "ICC Open 2015"]
[Site "Internet Chess Club"]
[Date "2015.05.29"]
[Round "2"]
[White "CrossShark"]
[Black "Estocolmov"]
[Result "0-1"]
[ICCResult "White resigns"]
[WhiteElo "2724"]
[BlackElo "2225"]
[Opening "Pirc: classical system, 5.Be2"]
[ECO "B08"]
[NIC "PU.03"]
[Time "19:12:42"]
[TimeControl "180+0"]

1. e4 d6 2. d4 Nf6 3. Nc3 g6 4. Nf3 Bg7 5. Be2 O-O 6. O-O Nbd7 7. Be3 e5 8.
a4 c6 9. a5 Qe7 10. d5 c5 11. Nd2 Ne8 12. Nc4 f5 13. f3 f4 14. Bf2 g5 15. g4
fxg3 16. Bxg3 Ndf6 17. Kh1 Nh5 18. Rg1 Nf4 19. Ne3 Kh8 20. Bf1 Rg8 21. Ne2
Qf7 22. Bxf4 gxf4 23. Ng4 Nf6 24. Nxf6 Bxf6 25. Qe1 Bd7 26. Qf2 Qh5 27.
Rxg8+ Rxg8 28. Bg2 Bh4 29. Qf1 Bg3 30. Nxg3 fxg3 31. h3 Rf8 32. Ra3 Rf6 33.
Rb3 Bc8 34. a6 b6 35. Qb5 Bxh3 36. Kg1 Bxg2 {White resigns} 0-1

[Event "ICC Open 2015"]
[Site "Internet Chess Club"]
[Date "2015.05.29"]
[Round "2"]
[White "Svinotigr"]
[Black "RaiseTheCurve"]
[Result "0-1"]
[ICCResult "White resigns"]
[WhiteElo "1643"]
[BlackElo "1958"]
[Opening "Réti opening"]
[ECO "A05"]
[NIC "QP.11"]
[Time "19:13:27"]
[TimeControl "180+0"]

1. Nf3 Nf6 2. d3 b5 3. Nbd2 a6 4. e4 Bb7 5. g3 d6 6. Bg2 Nbd7 7. h4 e5 8.
O-O Be7 9. Re1 c5 10. Qe2 O-O 11. c3 Re8 12. Nf1 Nf8 13. N1h2 Ne6 14. a3 Qc7
15. Kh1 Rad8 16. Bd2 Bf8 17. Rad1 g6 18. Bc1 Bg7 19. Ng1 Nd7 20. Rf1 Nb6 21.
Ngf3 d5 22. Ng5 d4 23. Nxe6 Rxe6 24. Nf3 h6 25. h5 g5 26. Nh2 Rf8 27. Ng4 f5
28. exf5 Rxf5 29. Bxb7 Qxb7+ 30. Kh2 Qf7 31. c4 Qxh5+ 32. Kg2 Qf7 33. Rh1
bxc4 34. dxc4 e4 35. Rh5 d3 36. Qd2 Qxh5 {White resigns} 0-1

[Event "ICC Open 2015"]
[Site "Internet Chess Club"]
[Date "2015.05.29"]
[Round "2"]
[White "BlitzPawn94"]
[Black "eddington"]
[Result "1-0"]
[ICCResult "Black forfeits on time"]
[WhiteElo "2698"]
[BlackElo "2102"]
[Opening "Nimzovich-Larsen attack: classical variation"]
[ECO "A01"]
[NIC "VO.08"]
[Time "19:12:14"]
[TimeControl "180+0"]

1. b3 d5 2. Bb2 Bf5 3. Nf3 Nf6 4. g3 e6 5. Bg2 Be7 6. O-O O-O 7. d3 c5 8.
Nbd2 Nc6 9. Qe1 d4 10. e4 dxe3 11. fxe3 h6 12. e4 Bh7 13. Nc4 Rc8 14. a3 b5
15. Nce5 Nxe5 16. Nxe5 Nd7 17. Nxd7 Qxd7 18. Qe2 f6 19. Qg4 Rf7 20. Bh3 f5
21. Qh5 Bf6 22. e5 Bg5 23. Qf3 Rd8 24. Bg2 Bg6 25. Qc6 Qxc6 26. Bxc6 a6 27.
a4 Be3+ 28. Kg2 b4 29. a5 Bd4 30. Bxd4 Rxd4 31. Rf4 Rc7 32. Bf3 Be8 33. Kf2
Bc6 34. Bxc6 Rxc6 35. Ke3 Rxf4 36. gxf4 Kf7 37. Rc1 Rc7 38. c3 Rb7 39. cxb4
Rxb4 40. Rxc5 Rxb3 41. Rc6 Rb2 42. h4 Rh2 43. Rxa6 Rxh4 44. Ra8 Rh2 45. d4
Ra2 46. a6 h5 47. Kf3 h4 48. Rh8 Rxa6 49. Rxh4 Ra3+ 50. Ke2 Rb3 51. Rh1 Ke7
52. Ra1 Kf7 53. Ra6 Rc3 54. Rb6 Rh3 55. Rb7+ Kg6 56. Re7 Rh2+ 57. Kd3 Rh3+
58. Kc4 Rf3 59. Rxe6+ Kf7 60. Ra6 Rxf4 61. Kd5 g5 62. Ra7+ Kg8 63. e6 g4 64.
Ke5 Re4+ 65. Kxf5 Rxd4 66. Kg6 Kf8 67. Kf6 Rf4+ 68. Kg5 Re4 69. Kf5 Re1 70.
Rf7+ Ke8 71. Rg7 g3 72. Rxg3 Ke7 73. Rg7+ Kf8 74. Ra7 Rf1+ 75. Ke5 Re1+ 76.
Kd6 Rd1+ 77. Kc7 Rc1+ 78. Kd7 Rd1+ 79. Kc6 Rc1+ 80. Kd5 Rd1+ 81. Ke4 Re1+
82. Kf5 Rf1+ 83. Ke5 Re1+ 84. Kd5 Rd1+ 85. Kc4 Rc1+ 86. Kd3 Rd1+ 87. Ke2 Rd6
88. e7+ Ke8 89. Ke3 Re6+ 90. Kf4 Rxe7 91. Ra8+ Kf7 92. Ra2 Re6 93. Rh2 Rf6+
94. Ke5 Rd6 95. Kxd6 {Black forfeits on time} 1-0

[Event "ICC Open 2015"]
[Site "Internet Chess Club"]
[Date "2015.05.29"]
[Round "2"]
[White "fundador"]
[Black "Cinzento"]
[Result "0-1"]
[ICCResult "White checkmated"]
[WhiteElo "1380"]
[BlackElo "1758"]
[Opening "King's Indian, 3.Nf3"]
[ECO "E61"]
[NIC "QP.06"]
[Time "19:13:06"]
[TimeControl "180+0"]

1. Nf3 Nf6 2. d4 g6 3. c4 Bg7 4. Nc3 O-O 5. h3 d6 6. Bf4 Nfd7 7. e3 e5 8.
dxe5 dxe5 9. Bh2 c6 10. Rc1 Qe7 11. Be2 f5 12. O-O Na6 13. a3 Nac5 14. Qc2
e4 15. Nd2 Be5 16. Bxe5 Nxe5 17. Nb3 Ncd3 18. Bxd3 exd3 19. Qb1 f4 20. exf4
Rxf4 21. Rce1 Bf5 22. Nd2 Re8 23. g3 Bxh3 24. gxf4 Qh4 25. Rxe5 Qg4+ 26. Kh1
Qg2# {White checkmated} 0-1

[Event "ICC Open 2015"]
[Site "Internet Chess Club"]
[Date "2015.05.29"]
[Round "2"]
[White "Ricardov"]
[Black "Zigfrid"]
[Result "0-1"]
[ICCResult "White resigns"]
[WhiteElo "2359"]
[BlackElo "3080"]
[Opening "Queen's pawn, Mason variation, Steinitz counter-gambit"]
[ECO "D00"]
[NIC "QP.08"]
[Time "19:12:37"]
[TimeControl "180+0"]

1. d4 d5 2. Bf4 c5 3. e3 Nc6 4. c3 Nf6 5. Nd2 Bf5 6. h3 e6 7. Ngf3 Be7 8.
Nh4 Be4 9. Nxe4 dxe4 10. g4 Nd5 11. Ng2 O-O 12. Bc4 cxd4 13. exd4 a6 14.
Bxd5 Qxd5 15. Ne3 Qd7 16. f3 exf3 17. Qxf3 b5 18. O-O Na5 19. Rad1 Rac8 20.
Kg2 Nc4 21. Nxc4 Rxc4 22. d5 exd5 23. Rxd5 Qc6 24. Rf5 Qxf3+ 25. Rxf3 f6 26.
g5 g6 27. Rd5 fxg5 28. Bxg5 Rxf3 29. Kxf3 Bxg5 30. Rxg5 Kf7 31. Rg2 b4 32.
cxb4 Rxb4 33. b3 Kg7 34. Rg4 Rb6 35. Ra4 Re6 36. Re4 Rd6 37. Ra4 h5 38. h4
Kh6 39. Ra5 Rf6+ 40. Kg3 Rc6 41. Kf3 Kg7 42. Ke4 Kf6 43. Kd5 Rb6 44. Kc4 Re6
45. Kc5 Re5+ 46. Kb6 Rxa5 47. Kxa5 g5 48. hxg5+ Kxg5 49. Kxa6 h4 50. b4 h3
51. b5 h2 52. b6 h1=Q 53. b7 Qc6+ 54. Ka7 Qa4+ 55. Kb8 Qxa2 56. Kc7 Qc4+ 57.
Kb6 {White resigns} 0-1

[Event "ICC Open 2015"]
[Site "Internet Chess Club"]
[Date "2015.05.29"]
[Round "2"]
[White "FlyAway"]
[Black "Supermodel"]
[Result "1-0"]
[ICCResult "Black checkmated"]
[WhiteElo "2903"]
[BlackElo "2248"]
[Opening "French: Steinitz, Boleslavsky variation"]
[ECO "C11"]
[NIC "FR.04"]
[Time "19:12:23"]
[TimeControl "180+0"]

1. e4 e6 2. d4 d5 3. Nc3 Nf6 4. e5 Nfd7 5. f4 c5 6. Nf3 Nc6 7. Be3 cxd4 8.
Nxd4 Bc5 9. Qd2 O-O 10. O-O-O a6 11. h4 Bxd4 12. Bxd4 b5 13. Kb1 b4 14. Na4
Qa5 15. b3 Qc7 16. h5 Bb7 17. Rh3 Rfc8 18. Bb2 Na5 19. f5 Nxe5 20. h6 g6 21.
fxe6 fxe6 22. Re1 Nac6 23. Rhe3 d4 24. Re4 Nf7 25. Rxe6 Rd8 26. Bc4 Na5 27.
Bd3 Nc6 28. Qf2 Bc8 29. Qf6 Nfe5 30. R6xe5 Nxe5 31. Rxe5 Qf7 32. Bc4 Rd7 33.
Re8# {Black checkmated} 1-0